 Dungeon Crawl Stone Soup version 0.28-a0-655-g4eb62b627b (webtiles) character file.

Game seed: 14295672085046606118

1 jsc133 the Vexing (level 1, 0/17 HPs)
             Began as a Gnoll Arcane Marksman on Oct 12, 2021.
             Slain by a quokka (4 damage)
             ... on level 2 of the Dungeon.
             The game lasted 00:00:54 (148 turns).

jsc133 the Vexing (Gnoll Arcane Marksman)            Turns: 148, Time: 00:00:54

Health: 0/17       AC:  2    Str:  9    XL:     1   Next: 20%
Magic:  4/4        EV: 13    Int: 12    God:
Gold:   6          SH:  0    Dex: 12    Spells: 5/5 levels left

rFire   . . .      SeeInvis .   (no weapon)
rCold   . . .      Faith    .   (no shield)
rNeg    . . .      Spirit   .   a - +0 robe
rPois   .          Reflect  .   (no helmet)
rElec   .          Harm     .   (no cloak)
rCorr   .          Rampage  .   (no gloves)
Will    .....                   (no boots)
Stlth   +.........              (no amulet)
HPRegen 0.05/turn               (no ring)
MPRegen 0.09/turn               (no ring)

@: no status effects
A: fangs 1, strong nose, distributed training
a: no special abilities


You were on level 2 of the Dungeon.
You visited 1 branch of the dungeon, and saw 2 of its levels.

You collected 6 gold pieces.

Inventory:

Missiles
 b - 5 javelins (quivered)
 c - 2 throwing nets
Armour
 a - a +0 robe (worn)
Potions
 d - a potion of resistance {unknown}


   Skills:
 + Level 2.3 Fighting
 + Level 0.0 Short Blades
 + Level 0.0 Long Blades
 + Level 0.0 Axes
 + Level 0.0 Maces & Flails
 + Level 0.0 Polearms
 + Level 0.0 Staves
 + Level 0.0 Slings
 + Level 0.0 Bows
 + Level 0.0 Crossbows
 + Level 4.4 Throwing
 + Level 0.0 Armour
 + Level 4.4 Dodging
 + Level 0.0 Stealth
 + Level 0.0 Shields
 + Level 0.0 Unarmed Combat
 + Level 2.6 Spellcasting
 + Level 0.0 Conjurations
 + Level 5.3 Hexes
 + Level 0.0 Summonings
 + Level 0.0 Necromancy
 + Level 0.0 Translocations
 + Level 0.0 Transmutations
 + Level 0.0 Fire Magic
 + Level 0.0 Ice Magic
 + Level 0.0 Air Magic
 + Level 0.0 Earth Magic
 + Level 0.0 Poison Magic
 + Level 0.0 Invocations
 + Level 0.0 Evocations


You had 5 spell levels left.
You didn't know any spells.
Your spell library contained the following spells:

 Spells                   Type           Power      Damage    Failure   Level
 Slow                     Hex            14%        N/A       4%          2
 Inner Flame              Hex/Fire       7%         N/A       26%         3
 Portal Projectile        Hex/Tloc       14%        N/A       26%         3
 Cause Fear               Hex            7%         N/A       28%         4


Dungeon Overview and Level Annotations

Branches:
Dungeon (2/15)

Altars:


Innate Abilities, Weirdness & Mutations

You have very sharp teeth.
Your uncanny sense of smell can sniff out nearby items.
Your experience applies equally to all skills.


Message History

The ball python bites you. The ball python barely misses you.
The quokka completely misses you. The ball python misses you. x2
You miss the quokka.
The quokka is moderately wounded.
The quokka bites you but does no damage.
The ball python bites you. The ball python closely misses you.
You barely miss the quokka. Your bite misses the quokka.
The quokka is moderately wounded.
The quokka misses you. The ball python closely misses you.
The ball python grabs you. The ball python constricts you.
You hit the quokka.
The quokka is heavily wounded.
The quokka barely misses you. The ball python bites you.
The ball python constricts you.
You closely miss the quokka.
The quokka is heavily wounded.
The quokka completely misses you. The ball python barely misses you.
The ball python constricts you. The quokka bites you.
* * * LOW HITPOINT WARNING * * *
You barely miss the quokka.
The quokka is heavily wounded.
The ball python bites you.
* * * LOW HITPOINT WARNING * * *
The ball python constricts you. The quokka closely misses you.
The ball python misses you. The ball python constricts you.
* * * LOW HITPOINT WARNING * * *
You closely miss the quokka.
The quokka is heavily wounded.
The quokka closely misses you. The ball python barely misses you.
The ball python constricts you.
You escape the ball python's grasp.
The quokka misses you. The quokka misses you.
Found a falchion.
The quokka closely misses you.
You see here a +0 falchion.
The quokka closely misses you.
Found a book of the Sky.
Found 13 gold pieces.
The quokka closely misses you. The quokka bites you.
You die...

#... ..## #..#
#... #..### ..#
### #..#.. ∆..#...
#..#.######.#.#
#.............
#.##....###.######
#.rS....).........
#@##....###.######
#.#...#........###
#$###.#.###.#.....
#.. ..... ..##....
#....:#.######...#
......#.. #....
#.##.##### #....
#.. ...... ##.#.


You could see a quokka and a ball python.

Vanquished Creatures
  A hobgoblin (D:2)
1 creature vanquished.

Notes
Turn   | Place    | Note
-------+----------+-------------------------------------------
     0 | D:1      | jsc133 the Gnoll Arcane Marksman began the quest for the
                  | Orb.
     0 | D:1      | Reached XP level 1. HP: 17/17 MP: 4/4
   148 | D:2      | Slain by a quokka

Illustrated notes

Levels and vault maps discovered:
D:1:      dpeg_arrival_stonehenge_12_columns, layout_basic,
          ebering_ecumenical_altar_webs
D:2:      layout_basic, minmay_distorted

Action                   || total
-------------------------++-------
Melee: Unarmed           ||    27
       Bite              ||     2
Armor: Robe              ||     3
Dodge: Dodged            ||    35

Table legend: (Time is in decaauts)
 A = Elapsed time spent in this place.
 B = Non-inter-level travel time spent in this place.
 C = Inter-level travel time spent in this place.
 D = Time resting spent in this place.
 E = Time spent auto-exploring this place.
 F = Levels seen in this place.
 G = Mean time per level.
                   A        B        C        D        E       F      G
               +--------+--------+--------+--------+--------+-----+--------+
         Total |    147 |    147 |      0 |      0 |      0 |   2 |   73.5 |
       Dungeon |    147 |    147 |      0 |      0 |      0 |   2 |   73.5 |
               +--------+--------+--------+--------+--------+-----+--------+

Top non-repeatable levels by time:
     D:2: 145 daAuts
     D:1: 2 daAuts
